 Dungeon Crawl Stone Soup version 0.31-a0-596-g831eee08f1 (webtiles) character file.

Game seed: 8228911999041783650

7855 LobsterGuardian the Unseen (level 11, -12/49 HPs)
             Began as a Spriggan Enchanter on Aug 20, 2023.
             Was a Believer of Dithmenos.
             Mangled by Snorg (26 damage)
             ... on level 10 of the Dungeon.
             The game lasted 00:28:33 (7893 turns).

LobsterGuardian the Unseen (Spriggan Enchanter)     Turns: 7893, Time: 00:28:34

Health: -12/49     AC:  8    Str:  4    XL:     11   Next: 2%
Magic:  25/33      EV: 19    Int: 18    God:    Dithmenos [**....]
Gold:   471        SH:  0    Dex: 19    Spells: 12/27 levels left

rFire   . . .        o - +2 dagger (drain)
rCold   . . .        (no shield)
rNeg    . . .        s - +2 robe {Will+}
rPois   .            (helmet restricted)
rElec   .            (no cloak)
rCorr   .            (gloves unavailable)
SInv    +            (boots unavailable)
Will    ++...        (no amulet)
Stlth   +++++++++    i - +4 ring of protection
HPRegen 0.28/turn    f - ring of magical power
MPRegen 0.23/turn

%: no passive effects
@: confusing by touch, about to teleport, wreathed by umbra, studying Axes, very
quick
A: very small, no large weapons, unfitting armour, see invisible, speed 3
a: Renounce Religion, Shadow Step


You were on level 10 of the Dungeon.
You worshipped Dithmenos.
Dithmenos was pleased with you.
You visited 1 branch of the dungeon, and saw 9 of its levels.

You collected 471 gold pieces.

Inventory:

Hand Weapons
 o - a +2 dagger of draining (weapon)
Armour
 s - a +2 robe of willpower (worn)
Jewellery
 e - a ring of protection from fire
 f - a ring of magical power (right hand)
 i - a +4 ring of protection (left hand)
 l - a +6 ring of strength
Wands
 b - a wand of paralysis (3)
 h - a wand of flame (13)
Scrolls
 g - a scroll of enchant weapon
Potions
 a - a potion of berserk rage
 c - a potion of resistance
 d - 2 potions of cancellation
 j - a potion of enlightenment
 m - 2 potions of haste
 n - 3 potions of brilliance
 p - 2 potions of might
 q - a potion of curing
 r - a potion of lignification


   Skills:
 + Level 1.6 Fighting
 + Level 4.1 Short Blades
 + Level 4.3 Dodging
 * Level 16.6 Stealth
 + Level 8.5 Spellcasting
 + Level 0.2 Conjurations
 * Level 11.2 Hexes
 + Level 3.0 Ice Magic
 - Level 3.0 Invocations


You had 12 spell levels left.
You knew the following spells:

 Your Spells              Type           Power      Damage    Failure   Level
a - Ensorcelled Hibernat  Hex/Ice        66%        N/A       1%          2
b - Tukima's Dance        Hex            48%        N/A       1%          3
c - Confusing Touch       Hex            48%        N/A       1%          3
d - Dazzling Flash        Conj/Hex       56%        N/A       2%          3
e - Anguish               Hex/Necr       13%        N/A       9%          4

Your spell library contained the following spells:

 Spells                   Type           Power      Damage    Failure   Level
 Yara's Violent Unravell  Hex/Tmut       13%        3d7       26%         5
 Gell's Gravitas          Tloc           7%         N/A       28%         3
 Ignite Poison            Fire/Tmut/Pois 7%         N/A       28%         3
 Teleport Other           Tloc           7%         N/A       28%         3
 Sticky Flame             Conj/Fire      8%         2d3       65%         4
 Passage of Golubria      Tloc           7%         N/A       67%         4
 Dispersal                Tloc           3%         N/A       100%        6
 Ignition                 Fire           3%         3d4       100%        8


Dungeon Overview and Level Annotations

Branches:
Dungeon (10/15)              Lair (0/5) D:10
 Temple: D:4-7          Orc: D:9-12

Altars:
Cheibriados
Dithmenos
Gozag
Hepliaklqana
Kikubaaqudgha
Nemelex Xobeh
Trog
Vehumet
Yredelemnul

Shops:
D:8 (   D:10 !

Annotations:
D:6 Jeremiah, Maggie
D:7 2 transporters, Menkaure
D:10 Snorg


Innate Abilities, Weirdness & Mutations

You are very small and have problems with some larger weapons.
You are too small for most types of armour.
You have supernaturally acute eyesight. (SInv)
You cover ground extremely quickly. (Speed+++)


Message History

There is an open door here.
Found a stone staircase leading down.
There is a stone staircase leading down here.
Snorg the Insatiable comes into view.
Snorg is nearby!
Found a scroll of identify.
Snorg beckons gently.
Snorg easily resists.
Casting: Ensorcelled Hibernation (safe; 1% risk of failure)
Confirm with . or Enter, or press ? or * to list all spells.
Aiming: Ensorcelled Hibernation (safe; 1% risk of failure)
Press: ? - help, Shift-Dir - straight line, f/p - Snorg
Aim: Snorg (umbra, chance to affect: 28%)
Okay, then.
Casting: Ensorcelled Hibernation (safe; 1% risk of failure)
Confirm with . or Enter, or press ? or * to list all spells.
Your hands begin to glow red.
Snorg goes berserk!
Casting: Confusing Touch (safe; 1% risk of failure)
Confirm with . or Enter, or press ? or * to list all spells.
You can't see any susceptible monsters within range! (Use Z to cast anyway.)
Casting: Confusing Touch (safe; 1% risk of failure)
Confirm with . or Enter, or press ? or * to list all spells.
Casting: Anguish (dangerous; 9% risk of failure)
Press: ? - help, Dir - look around, f - activate Look: Snorg (berserk, chance to confuse on hit: 36%, umbra, chance to affect: 31%) Snorg is haunted by guilt!
You barely miss Snorg. Snorg completely misses you. Snorg closely misses you.
Snorg claws you!
Snorg is wracked by anguish!
Unknown command.
You barely miss Snorg.
Snorg is lightly wounded.
Snorg bites you!!
* * * LOW HITPOINT WARNING * * *
Snorg is wracked by anguish!!
Snorg barely misses you. Snorg closely misses you.
Unknown command.
As you read the scroll of teleportation, it crumbles to dust.
You feel strangely unstable. Snorg bites you!!
Ouch! That really hurt!
You die...

....###............>#
....................#
........##......####
...############..##
#.## ##..## #.# ##..#
#.# #########.## #.#
...........## .##
.......@....# .#
......T......# .#
..............# .#
#..............# .#
#................ .#
##..............# .#
#.....?.....#.# ##
###.......... #


You could see Snorg (berserk, anguished).

Vanquished Creatures
  Fannar (D:10)
  A two-headed ogre (D:9)
  Nergalle (D:10)
  An unseen horror (D:10)
  Psyche (D:8)
  A troll (D:10)
  A vampire (D:10)
  A wraith (D:10)
  A basilisk (D:9)
  14 yaks
  Grum (D:8)
  A water moccasin (D:9)
  A sky beast (D:8)
  2 orc warriors
  2 ice beasts
  A black bear (D:4)
  2 wolves (D:8)
  5 centaurs
  2 kobold brigands
  6 bullfrogs
  4 wights (D:7)
  6 killer bees
  An electric eel (D:7)
  A hound (D:4)
  2 jellies (D:7)
  2 orc priests (D:8)
  2 orc wizards
  A sleepcap (D:4)
  Robin (D:1)
  3 adders
  A shadow imp (D:6)
  3 worms
  2 dart slugs
  19 orcs
  3 endoplasms
  4 giant cockroaches
  13 goblins
  9 hobgoblins
  7 jackals
  12 kobolds
  3 training dummies (D:8)
  8 ball pythons
  3 bats
  A frilled lizard (D:2)
  2 rats
159 creatures vanquished.

Vanquished Creatures (collateral kills)
  An ogre (D:6)
  A wight (D:7)
  An orc wizard (D:9)
  2 orcs
  7 kobolds
12 creatures vanquished.

Vanquished Creatures (others)
  7 dancing weapons
  A giant cockroach (D:4)
8 creatures vanquished.

Grand Total: 179 creatures vanquished

Notes
Turn   | Place    | Note
-------+----------+-------------------------------------------
     0 | D:1      | LobsterGuardian the Spriggan Enchanter began the quest for
                  | the Orb.
     0 | D:1      | Reached XP level 1. HP: 9/9 MP: 5/5
   305 | D:1      | Reached skill level 5 in Stealth
   317 | D:1      | Reached XP level 2. HP: 8/13 MP: 6/6
   320 | D:1      | Learned a level 2 spell: Ensorcelled Hibernation
  1239 | D:2      | Reached XP level 3. HP: 16/16 MP: 8/8
  1777 | D:2      | Noticed Robin
  1945 | D:2      | Found a faded altar of an unknown god.
  2035 | D:2      | Reached XP level 4. HP: 21/21 MP: 9/9
  2145 | D:1      | Learned a level 3 spell: Tukima's Dance
  2149 | D:1      | Learned a level 3 spell: Confusing Touch
  2232 | D:1      | Killed Robin
  2774 | D:3      | Reached skill level 6 in Stealth
  3133 | D:4      | Noticed a black bear
  3134 | D:4      | Killed a black bear
  3135 | D:4      | Reached skill level 7 in Stealth
  3135 | D:4      | Reached skill level 5 in Hexes
  3135 | D:4      | Reached XP level 5. HP: 25/25 MP: 11/11
  3139 | D:4      | Identified the +5 long sword "Awaqolua" {freeze, rN+ Str+3
                  | Dex+3 SInv}
  3280 | D:4      | Reached XP level 6. HP: 29/29 MP: 12/12
  3323 | D:4      | Reached skill level 8 in Stealth
  3382 | D:4      | You fall into a shaft and drop 2 floors!
  3579 | D:6      | Found a shadowy altar of Dithmenos.
  3585 | D:6      | Became a worshipper of Dithmenos the Shadowed
  3598 | D:6      | Reached skill level 1 in Ice Magic
  3598 | D:6      | Reached XP level 7. HP: 28/32 MP: 3/14
  3745 | D:6      | Noticed Maggie
  3770 | D:6      | Noticed Jeremiah
  3981 | D:7      | Learned a level 3 spell: Dazzling Flash
  4117 | D:7      | Reached skill level 9 in Stealth
  4153 | D:7      | Reached skill level 1 in Invocations
  4212 | D:7      | Reached skill level 10 in Stealth
  4397 | D:7      | Noticed a vampire
  4407 | D:7      | Found a basalt altar of Yredelemnul.
  4415 | D:7      | Noticed Menkaure
  4421 | D:7      | Found an ancient bone altar of Kikubaaqudgha.
  4464 | D:7      | Found a transporter.
  4466 | D:7      | Found a transporter.
  4534 | D:7      | Reached skill level 5 in Spellcasting
  4534 | D:7      | Reached XP level 8. HP: 29/37 MP: 13/16
  4896 | D:8      | Reached * piety under Dithmenos
  4912 | D:7      | Reached skill level 11 in Stealth
  4961 | D:7      | Reached skill level 1 in Fighting
  5018 | D:7      | Reached XP level 9. HP: 30/41 MP: 13/18
  5090 | D:8      | Reached skill level 12 in Stealth
  5570 | D:8      | Noticed Grum
  5580 | D:8      | Killed Grum
  5723 | D:7      | HP: 2/41 [poisoned by a killer bee]
  5888 | D:8      | Found Kumog's Firing Range.
  6051 | D:8      | Reached ** piety under Dithmenos
  6052 | D:8      | Reached skill level 13 in Stealth
  6317 | D:8      | Learned a level 4 spell: Anguish
  6438 | D:8      | Noticed Psyche
  6453 | D:8      | Killed Psyche
  6571 | D:8      | Reached XP level 10. HP: 46/46 MP: 22/22
  6801 | D:9      | Reached skill level 14 in Stealth
  6988 | D:9      | Noticed a two-headed ogre
  7014 | D:9      | Killed a two-headed ogre
  7015 | D:9      | Reached skill level 15 in Stealth
  7015 | D:9      | Reached skill level 10 in Hexes
  7404 | D:10     | Entered Level 10 of the Dungeon
  7524 | D:10     | Noticed Fannar
  7527 | D:10     | Killed Fannar
  7544 | D:10     | Noticed Nergalle
  7548 | D:10     | Killed Nergalle
  7554 | D:10     | Reached skill level 16 in Stealth
  7624 | D:9      | Reached XP level 11. HP: 18/49 MP: 12/24
  7785 | D:10     | Found a staircase to the Lair.
  7785 | D:10     | Found a radiant altar of Vehumet.
  7788 | D:10     | Found a sparkling altar of Nemelex Xobeh.
  7788 | D:10     | Found a hazy altar of Hepliaklqana.
  7789 | D:10     | Found an opulent altar of Gozag.
  7789 | D:10     | Found a bloodstained altar of Trog.
  7790 | D:10     | Found a snail-covered altar of Cheibriados.
  7808 | D:10     | Found Igye's Distillery.
  7885 | D:10     | Noticed Snorg
  7893 | D:10     | Mangled by Snorg

Illustrated notes

Levels and vault maps discovered:
D:1:      psy_arrival_radial01, layout_basic
D:2:      layout_rooms, ebering_ecumenical_altar_sacrificial, minivault_14,
          uniq_robin
D:3:      layout_basic, serial_glass, glass_columns_b, glass_columns_a,
          minmay_strange_pillars, minmay_goblin_kobold_house
D:4:      layout_basic, lemuel_temple_firewalk_a
D:6:      layout_basic, nicolae_dithmenos_through_a_glass_darkly,
          nicolae_fountain_basement, uniq_maggie, uniq_jeremiah, uniq_pikel
D:7:      layout_loops_corners, gammafunk_temple_of_torment,
          minmay_crystal_water
D:8:      layout_layer_cave, hangedman_glass_teeth, nicolae_shop_firing_range,
          uniq_grum, uniq_psyche
D:9:      layout_roguey
D:10:     layout_cave_pods, grunt_temple_overflow_open, lair_entry_dummy,
          serial_shops, kennysheep_mini, uniq_snorg, uniq_fannar, uniq_nergalle

Skill      XL: |  1  2  3  4  5  6  7  8  9 10 |
---------------+-------------------------------+-----
Stealth        | 5 7 8 10 11 13 16 | 16.6
Hexes          | 4 5 6 8 9 11 | 11.2
Spellcasting   | 3 4 5 7 8 |  8.5
Dodging        | 3 4 |  4.3
Ice Magic      | 1 2 3 |  3.0
Short Blades   | 2 3 4 |  4.1
Invocations    | 1 2 3 |  3.0
Fighting       | 1 |  1.6
Conjurations   | |  0.2

Action                     |  1- 3 |  4- 6 |  7- 9 | 10-12 || total
---------------------------+-------+-------+-------+-------++-------
  Melee: Dagger            |    93 |    64 |   108 |    45 ||   310
         Punch             |       |     1 |     2 |       ||     3
  Throw: Throwing net      |       |       |     1 |       ||     1
   Cast: Ensorcelled Hiber |    53 |    45 |    59 |    20 ||   177
         Tukima's Dance    |       |     6 |    23 |     6 ||    35
         Confusing Touch   |       |     2 |     7 |     3 ||    12
         Dazzling Flash    |       |       |     8 |     2 ||    10
         Anguish           |       |       |       |     1 ||     1
    Use: Potion            |     3 |       |     6 |       ||     9
         Scroll            |     3 |     2 |     4 |     7 ||    16
   Stab: Sleeping          |    29 |    31 |    45 |    18 ||   123
         Distracted        |     1 |       |     1 |       ||     2
         Confused          |       |       |     5 |     3 ||     8
         Invisible         |       |       |     3 |     2 ||     5
         Held in net/web   |       |       |     1 |       ||     1
 Armour: Robe              |    11 |     6 |    27 |     5 ||    49
  Dodge: Dodged            |    98 |    65 |   174 |    31 ||   368

Table legend: (Time is in decaauts)
 A = Elapsed time spent in this place.
 B = Non-inter-level travel time spent in this place.
 C = Inter-level travel time spent in this place.
 D = Time resting spent in this place.
 E = Time spent auto-exploring this place.
 F = Levels seen in this place.
 G = Mean time per level.
                   A        B        C        D        E       F      G
               +--------+--------+--------+--------+--------+-----+--------+
         Total |   6127 |   5983 |    144 |      0 |   4720 |   9 |  680.8 |
       Dungeon |   6127 |   5983 |    144 |      0 |   4720 |   9 |  680.8 |
               +--------+--------+--------+--------+--------+-----+--------+

Top non-repeatable levels by time:
     D:7: 1269 daAuts
     D:1: 1180 daAuts
     D:8: 955 daAuts
     D:2: 749 daAuts
     D:9: 631 daAuts
     D:3: 559 daAuts
     D:6: 363 daAuts
    D:10: 253 daAuts
     D:4: 165 daAuts
